 Dungeon Sprint DCSS version 0.19.0-24-gb05acd6 (webtiles) character file.

0 igo the Gusty (level 1, 11/11 HPs)
             Began as a High Elf Air Elementalist on Nov 22, 2016.
             Got out of the dungeon alive.
             The game lasted 00:01:21 (29 turns).

igo the Gusty (High Elf Air Elementalist)             Turns: 29, Time: 00:01:22

Health: 11/11      AC:  2    Str:  7    XL:     1   Next: 0%
Magic:  4/4        EV: 13    Int: 18    God:
Gold:   0          SH:  0    Dex: 15    Spells: 1 memorised, 3 levels left

rFire  . . .     SeeInvis .     (no weapon)
rCold  . . .     Gourm    .     a - +0 robe
rNeg   . . .     Faith    .     (no shield)
rPois  .         Spirit   .     (no helmet)
rElec  .         Reflect  .     (no cloak)
rCorr  .         Harm     .     (no gloves)
MR     .....     NoTele   +     (no boots)
Stlth  ++........               (no amulet)
                                (no ring)
                                (no ring)

@: no status effects
A: no striking features
a: no special abilities


You escaped.
You were not hungry.

You visited 1 branch

Inventory:

Armour
 a - a +0 robe (worn)
 j - +5 fire dragon scales
 k - +5 gold dragon scales
 l - a +3 buckler
 m - a +3 large shield
 n - a +3 shield
Jewellery
 D - a +6 ring of dexterity
 E - a +6 ring of dexterity
 F - a +6 ring of intelligence
 G - a +6 ring of intelligence
 H - a +6 ring of strength
 I - a +6 ring of strength
 J - an uncursed ring of flight
Scrolls
 i - 4 scrolls of blinking
 u - 4 scrolls of amnesia
 v - 3 scrolls of recharging
 w - 7 scrolls of fog
 x - a scroll of holy word
 y - 5 scrolls of identify
 z - 5 scrolls of remove curse
 A - 2 scrolls of fear
Potions
 d - 10 potions of curing
 e - 10 potions of heal wounds
 f - 6 potions of haste
 g - 7 potions of magic
 h - 3 potions of berserk rage
 o - 2 potions of brilliance
 p - 2 potions of invisibility
 q - 4 potions of resistance
 r - a potion of experience
 s - 5 potions of agility
 t - 5 potions of might
Books
 b - a book of Air

   Spells                             Type                      Level
   a - Shock                          Conjuration/Air              1
   b - Swiftness                      Charms/Air                   2
   c - Repel Missiles                 Charms/Air                   2
   d - Static Discharge               Conjuration/Air              3
   e - Lightning Bolt                 Conjuration/Air              5
Miscellaneous
 K - a disc of storms
Comestibles
 c - 5 bread rations
 B - 42 fruits
 C - 4 meat rations


   Skills:
 + Level 2.1 Dodging
 + Level 2.1 Stealth
 + Level 2.4 Spellcasting
 + Level 1.1 Conjurations
 + Level 3.6 Air Magic


You had 3 spell levels left.
You knew the following spells:

 Your Spells              Type           Power        Failure   Level  Hunger
a - Shock                 Conj/Air       ##..         10%         1    #......


Dungeon Overview and Level Annotations

Branches:
Dungeon (1/1)

Altars:
Ashenzari
Cheibriados
Dithmenos
Elyvilon
Fedhas
Gozag
Hepliaklqana
Kikubaaqudgha
Makhleb
Nemelex Xobeh
Okawaru
Qazlal
Ru
Sif Muna
Trog
Uskayaw
Vehumet
Xom
Yredelemnul
Zin
The Shining One
Beogh
Jiyva
Lugonu


Message History

z - 5 scrolls of remove curse;
A - 2 scrolls of fear
i - 4 scrolls of blinking (gained 3) Unknown command.
B - 42 fruits;
c - 5 bread rations (gained 4);
C - 4 meat rations Unknown command.
D - a +6 ring of dexterity;
E - a +6 ring of dexterity
F - a +6 ring of intelligence;
G - a +6 ring of intelligence
H - a +6 ring of strength;
I - a +6 ring of strength You see here an uncursed ring of flight.
There are no items here.
You see here an uncursed ring of flight.
J - an uncursed ring of flight You see here a disc of storms.
K - a disc of storms
Things that are here:
an uncursed staff of energy; a crystal ball of energy
Okay, then.
There is a staircase leading out of the dungeon here.
Are you sure you want to leave the Dungeon?
This will make you lose the game!
You have escaped!

▓_............._▓
▓8.........))..8▓
▓_..))........._▓
▓8..)).........8▓
▓_..()........._▓
▓8...).........8▓
▓_.........|..._▓
▓8........./...8▓
▓_...[.@......._▓
▓8.............8▓
▓_............._▓
▓88_8_8_8_8_8_88▓
▓▓▓▓▓▓▓▓▓▓▓▓▓▓▓▓▓


There were no monsters in sight!

Vanquished Creatures (others)
  Terence (D)
1 creature vanquished.

Notes
Turn   | Place    | Note
-------+----------+-------------------------------------------
     0 | D        | igo the High Elf Air Elementalist began the quest for the Orb.
     0 | D        | Reached XP level 1. HP: 11/11 MP: 4/4
     3 | D        | Found a blossoming altar of Fedhas.
     3 | D        | Killed Terence
     7 | D        | Found a deep blue altar of Sif Muna.
     7 | D        | Found a sacrificial altar of Ru.
     7 | D        | Found a bloodstained altar of Trog.
     7 | D        | Found a stormy altar of Qazlal.
     7 | D        | Found an iron altar of Okawaru.
     7 | D        | Found a sparkling altar of Nemelex Xobeh.
     9 | D        | Found an ancient bone altar of Kikubaaqudgha.
     9 | D        | Found a viscous altar of Jiyva.
     9 | D        | Found a corrupted altar of Lugonu.
     9 | D        | Found a hazy altar of Hepliaklqana.
     9 | D        | Found a burning altar of Makhleb.
     9 | D        | Found an opulent altar of Gozag.
    29 | D        | Got out of the dungeon alive.
